 Dungeon Crawl Stone Soup version 0.25-a0-424-g80bd347ae0 (webtiles) character file.

Game seed: 6567298198706113705, levelgen mode: deterministic

107 Lugonue the Sneak (level 4, -1/21 HPs)
             Began as a Vine Stalker Enchanter on Jan 22, 2020.
             Was an Initiate of Dithmenos.
             Slain by a centaur skeleton (4 damage)
             ... on level 4 of the Dungeon.
             The game lasted 00:07:08 (2168 turns).

Lugonue the Sneak (Vine Stalker Enchanter)          Turns: 2168, Time: 00:07:09

Health: -1/21      AC:  4    Str: 12    XL:     4   Next: 86%
Magic:  0/8        EV: 11    Int: 15    God:    Dithmenos [......]
Gold:   134        SH:  0    Dex: 14    Spells: 4/7 levels left

rFire    . . .     SeeInvis +   i - +2 dagger (vamp)
rCold    . . .     Gourm    .   (no shield)
rNeg     . . .     Faith    .   t - +0 leather armour {rPois}
rPois    +         Spirit   +   (no helmet)
rElec    .         Reflect  .   (no cloak)
rCorr    .         Harm     .   o - +0 pair of gloves
MR       .....                  (no boots)
Stlth    ++........             (no amulet)
HPRegen  0.47/turn              m - ring of see invisible
MPRegen  0.11/turn              e - ring of wizardry

@: about to teleport, drained
A: fangs 2, regeneration 1, magic shield, antimagic bite, no potion heal 3, rot
immunity
a: Renounce Religion


You were on level 4 of the Dungeon.
You worshipped Dithmenos.
Dithmenos was noncommittal.
You were not hungry.

You visited 1 branch of the dungeon, and saw 4 of its levels.

You collected 134 gold pieces.

Inventory:

Hand Weapons
 a - a +1 dagger
 i - a +2 vampiric dagger (weapon)
Armour
 b - a +0 robe
 o - a +0 pair of gloves (worn)
 t - a +0 leather armour of poison resistance (worn)
Jewellery
 e - a ring of wizardry (right hand)
 m - a ring of see invisible (left hand)
 u - an uncursed amulet of harm {unknown}
Scrolls
 j - 2 scrolls of fog
 k - 3 scrolls of identify
 l - 2 scrolls of teleportation
 n - a scroll of amnesia {unknown}
 q - a scroll of enchant armour {unknown}
Potions
 c - 2 potions of brilliance {unknown}
 f - 2 potions of curing {unknown}
 g - 2 potions of lignification {unknown}
 h - a potion of degeneration {unknown}
 p - a potion of might {unknown}
 r - a potion of haste {unknown}
 s - a potion of heal wounds {unknown}
Comestibles
 d - 4 rations


   Skills:
 + Level 0.4(0.0) Fighting
 + Level 1.6(0.7) Short Blades
 * Level 0.2(0.0) Armour
 + Level 2.0(1.1) Dodging
 * Level 5.4(4.3) Stealth
 + Level 2.4(1.4) Spellcasting
 + Level 3.3(2.3) Hexes
 + Level 0.1(0.0) Ice Magic


You had 4 spell levels left.
You knew the following spells:

 Your Spells              Type           Power        Failure   Level  Hunger
a - Corona                Hex            #......      4%          1    ##.....
b - Ensorcelled Hibernat  Hex/Ice        #.....       12%         2    ###....

Your spell library contained the following spells:

 Spells                   Type           Power        Failure   Level  Hunger
 Confusing Touch          Hex            #.......     14%         3    ####...
 Tukima's Dance           Hex            #.......     14%         3    ####...
 Dazzling Flash           Conj/Hex       #.....       22%         3    ####...


Dungeon Overview and Level Annotations

Branches:
Dungeon (4/15)
 Temple: D:4-7

Altars:
Dithmenos
Elyvilon
Gozag
Ru
Sif Muna
Wu Jian


Innate Abilities, Weirdness & Mutations

You have extremely sharp teeth.
Your natural rate of healing is unusually fast.
When hurt, damage is shared between your health and your magic reserves.
Your bite disrupts and absorbs the magic of your enemies.
Potions cannot restore your health.
You are immune to rotting.


Message History

Something unseen opens the door.
Okay, then.
Unknown command.
Okay, then.
Unknown command.
The centaur skeleton hits you.
* * * LOW HITPOINT WARNING * * *
Okay, then.
As you read the scroll labeled VAEMOLE XESS, it crumbles to dust.
It is a scroll of identify.
l - 3 scrolls of teleportation The centaur skeleton stops glowing.
An orc comes into view. It is wielding a +0 flail.
The centaur skeleton hits you but does no damage.
Unknown command.
As you read the scroll of teleportation, it crumbles to dust.
You feel strangely unstable.
The orc shouts!
You hear a shout!
The centaur skeleton hits you.
You die...

.......................?....
...............)............
..........##+###.........$..
.....######....#............
######.........#............
#........##....####'#######.
#...##+####....##....+
###'#.....#......Z...#
..........#.....@....#
..........#..........#
..........#..........#
..........#o##+####.##
#########.. #+# ..


You could see an orc and a centaur skeleton.

Vanquished Creatures
  2 adders
  An ooze (D:3)
  4 dart slugs
  A leopard gecko (D:1)
  8 orcs
  3 giant cockroaches
  8 goblins
  4 hobgoblins
  6 jackals
  6 kobolds
  2 quokkas
  A ball python (D:1)
  8 bats
  5 frilled lizards
  5 rats
64 creatures vanquished.

Notes
Turn   | Place    | Note
-------+----------+-------------------------------------------
     0 | D:1      | Lugonue the Vine Stalker Enchanter began the quest for the
                  | Orb.
     0 | D:1      | Reached XP level 1. HP: 9/9 MP: 4/4
    65 | D:1      | Reached skill level 4 in Stealth
    70 | D:1      | Reached XP level 2. HP: 11/13 MP: 6/6
   628 | D:1      | Reached XP level 3. HP: 16/16 MP: 7/7
   956 | D:2      | Found a white marble altar of Elyvilon.
   968 | D:2      | Found an opulent altar of Gozag.
   969 | D:2      | Found a shimmering blue altar of Sif Muna.
  1116 | D:2      | Reached skill level 1 in Short Blades
  1296 | D:2      | Reached skill level 5 in Stealth
  1520 | D:2      | Found a shadowy altar of Dithmenos.
  1526 | D:2      | Became a worshipper of Dithmenos the Shadowed
  1571 | D:2      | Learned a level 2 spell: Ensorcelled Hibernation
  1602 | D:3      | Gained mutation: Your natural rate of healing is unusually
                  | fast. [Vine Stalker growth]
  1602 | D:3      | Reached XP level 4. HP: 18/21 MP: 2/8
  1811 | D:3      | Found an ornate altar of the Wu Jian Council.
  2024 | D:3      | Found a sacrificial altar of Ru.
  2168 | D:4      | Slain by a centaur skeleton

Levels and vault maps discovered:
D:1:      psy_arrival_fountain, layout_loops_ring
D:2:      layout_basic, grunt_temple_overflow_open, lemuel_doored_altar
D:3:      layout_rooms, lemuel_round_altar, lemuel_round_altar, st_stairs_10
D:4:      layout_gridville, nicolae_qazlal_eye_of_the_storm, serial_shops,
          nicolae_shop_temple_entry_statues_fountains, first_ration,
          ashenzari_altar_1, uniq_robin

Skill      XL: |  1  2  3  4 |
---------------+-------------+-----
Stealth        | 4 5 |  5.4
Short Blades   | 1 |  1.6
Dodging        | 2 |  2.0
Fighting       | |  0.4
Armour         | |  0.2
Spellcasting   | |  2.4
Hexes          | |  3.3
Ice Magic      | |  0.1

Action                   |  1- 3 |  4- 6 || total
-------------------------+-------+-------++-------
Melee: Dagger            |    85 |   117 ||   202
       Bite              |    17 |    25 ||    42
 Cast: Corona            |     4 |     2 ||     6
       Ensorcelled Hiber |     2 |     1 ||     3
  Use: Scroll            |       |     4 ||     4
 Stab: Sleeping          |    11 |     1 ||    12
  Eat: Chunk             |     2 |     1 ||     3
       Ration            |       |     1 ||     1
Armor: Robe              |    14 |     6 ||    20
       Leather armour    |       |    37 ||    37
Dodge: Dodged            |    54 |    78 ||   132

Table legend:
 A = Non-vault XP
 B = Vault XP
 C = Vault XP percentage of total XP
 D = Non-vault monster count
 E = Vault monster count
 F = Vault count percentage of total count
                 A         B        C        D         E       F
            +---------+---------+-------+---------+---------+-------
      Total |     147 |       7 |   4.5 |      62 |       2 |   3.1
            +---------+---------+-------+---------+---------+-------
        D:1 |      38 |       0 |   0.0 |      18 |       0 |   0.0
        D:2 |      38 |       0 |   0.0 |      16 |       0 |   0.0
        D:3 |      65 |       7 |   9.7 |      26 |       2 |   7.1
        D:4 |       6 |       0 |   0.0 |       2 |       0 |   0.0
            +---------+---------+-------+---------+---------+-------
